 Dungeon Crawl Stone Soup version 0.17-a0-1882-g750edc8 (webtiles) character file.

115 Ijustatesigmund the Slinger (level 5, -1/34 HPs)
             Began as a Halfling Hunter on Sept 22, 2015.
             Slain by Terence
             ... wielding a +1 short sword of speed
              (6 damage)
             ... on level 2 of the Dungeon.
             The game lasted 00:05:37 (2556 turns).

Ijustatesigmund the Slinger (Halfling Hunter)       Turns: 2556, Time: 00:05:37

Health: -1/34      AC:  5    Str: 12    XL:     5   Next: 20%
Magic:  5/5        EV: 14    Int: 10    God:
Gold:   99         SH:  0    Dex: 16    Spells: 0 memorised, 4 levels left

rFire  . . .     SeeInvis .     f - -3 falchion (curse)
rCold  . . .     Clarity  .     d - +1 leather armour
rNeg   . . .     SustAt   .     (shield restricted)
rPois  .         Gourm    .     (no helmet)
rElec  .         Spirit   .     (no cloak)
rCorr  .         Warding  .     (no gloves)
rMut   .         Stasis   .     k - +0 pair of boots
MR     .....                    (no amulet)
Stlth  ++........               (no ring)
                                (no ring)

@: not resistant to hostile enchantments, unstealthy
A: mutation resistance 1
a: no special abilities


You were on level 2 of the Dungeon.
You were hungry.

You visited 1 branch of the dungeon, and saw 3 of its levels.

You collected 99 gold pieces.

Inventory:

Hand weapons
 a - a +1 hunting sling
 c - a +0 short sword
 f - a cursed -3 falchion (weapon)
Missiles
 b - 19 sling bullets
 h - 52 stones (quivered)
Armour
 d - a +1 leather armour (worn)
 k - a +0 pair of boots (worn)
Magical devices
 g - a wand of slowing (0)
Scrolls
 i - 2 scrolls of identify
Comestibles
 e - a bread ration


   Skills:
 - Level 1.7 Fighting
 * Level 8.0 Slings
 - Level 2.1 Dodging
 + Level 3.1 Stealth


You had 4 spell levels left.
You didn't know any spells.

Dungeon Overview and Level Annotations

Branches:
Dungeon (3/15)

Altars:
Okawaru

Annotations:
D:2 Terence


Innate Abilities, Weirdness & Mutations

You are small and have problems with some larger weapons.
You are somewhat resistant to further mutation.


Message History

Terence is severely wounded.
Terence hits you but does no damage.
You hit Terence.
Terence is severely wounded.
Terence closely misses you. Terence misses you.
You hit Terence but do no damage.
Terence is severely wounded.
Terence closely misses you.
You barely miss Terence.
Terence is severely wounded.
Terence hits you with a short sword of speed.
* * * LOW HITPOINT WARNING * * *
Terence hits you but does no damage.
You hit Terence but do no damage.
Terence is severely wounded.
Terence hits you but does no damage.
You hit Terence.
Terence is almost dead.
Terence hits you with a short sword of speed.
You die...

....######............#..#....###
......####............#..#....###
......##..............##.#.......
......##...........##.##.......).
....####...........##............
....######.#...........##..######
..........#...........####.######
....##...........................
....##..........@.....####รท######
....##......##.#@#....# #>......
....##......###...##### ########
.#####.....####......... #....
..............#......... #....
........................ #..).
.......###....#......... #....
.......# ######......... #....
.......# #......... #....


You could see Terence.

Vanquished Creatures
  Ijyb (D:2)
  Natasha (thrice) (D:2)
  2 adders (D:2)
  A worm (D:2)
  2 giant geckos (D:2)
  3 giant cockroaches
  5 goblins
  3 hobgoblins
  2 jackals (D:2)
  5 bats
  2 giant newts (D:1)
  4 kobolds
  2 rats (D:1)
35 creatures vanquished.

Notes
Turn   | Place    | Note
--------------------------------------------------------------
     0 | D:1      | Ijustatesigmund the Halfling Hunter began the quest for the Orb.
     0 | D:1      | Reached XP level 1. HP: 14/14 MP: 1/1
   132 | D:1      | Reached skill level 6 in Slings
   146 | D:1      | Found an iron altar of Okawaru.
   170 | D:1      | Reached XP level 2. HP: 14/19 MP: 2/2
   851 | D:2      | Noticed Ijyb
   878 | D:2      | Killed Ijyb
   878 | D:2      | Reached skill level 7 in Slings
   878 | D:2      | Reached XP level 3. HP: 11/24 MP: 3/3
  1108 | D:2      | Reached XP level 4. HP: 16/29 MP: 4/4
  1460 | D:2      | Noticed Terence
  1803 | D:2      | Noticed Natasha
  1817 | D:2      | Killed Natasha
  1985 | D:2      | Noticed Natasha
  1995 | D:2      | Killed Natasha
  1995 | D:2      | Reached XP level 5. HP: 10/34 MP: 5/5
  2254 | D:2      | Noticed Natasha
  2272 | D:2      | Killed Natasha
  2530 | D:2      | Reached skill level 8 in Slings
  2556 | D:2      | Slain by Terence

Vault maps used:
D:1:      dpeg_arrival_rooms_a, okawaru_ov_weapons_minmay
D:2:      uniq_iyjb, uniq_natasha, uniq_terence
D:3:      tgw_sif, xom_teletrap_fun, uniq_grinder

Action                   |  1- 3 |  4- 6 || total
-------------------------+-------+-------++-------
Melee: Falchion          |    98 |   132 ||   230
       Hunting sling     |     1 |       ||     1
 Fire: Hunting sling     |    10 |       ||    10
Throw: Stone             |       |    23 ||    23
  Use: Scroll            |     5 |     2 ||     7
       Potion            |     1 |     2 ||     3
 Stab: Sleeping          |     2 |     4 ||     6
  Eat: Chunk             |       |     5 ||     5
